 Dungeon Crawl Stone Soup version 0.21.1-1-g345015f (webtiles) character file.

2055 Goblin1989 the Grappler (level 9, -3/97 HPs)
             Began as a Demonspawn Transmuter on Mar 7, 2018.
             Was an Initiate of Ru.
             Killed from afar by a hell hound (9 damage)
             ... with a blast of flame
             ... on level 7 of the Dungeon.
             The game lasted 00:20:08 (9444 turns).

Goblin1989 the Grappler (Demonspawn Transmuter)     Turns: 9444, Time: 00:20:09

Health: -3/97      AC: 31    Str: 19    XL:     9   Next: 5%
Magic:  12/12      EV:  2    Int: 12    God:    Ru [......]
Gold:   298        SH:  5    Dex: 13    Spells: 7/12 levels left

rFire    . . .     SeeInvis .   p - +2 dagger (protect)
rCold    . . .     Gourm    .   K - +0 buckler (curse)
rNeg     + + +     Faith    .   (armour currently unavailable)
rPois    +         Spirit   .   (helmet currently unavailable)
rElec    .         Reflect  .   (cloak currently unavailable)
rCorr    .         Harm     .   (gloves currently unavailable)
MR       +....     Clarity  +   (boots currently unavailable) Stlth +.........NoTele +
                                M - amulet of inaccuracy (curse)
HPRegen  0.26/turn              i - -3 ring of intelligence (curse)
MPRegen  0.13/turn              m - ring of protection from magic

@: mighty, tree-form, protection aura
A: clarity, demonic guardian 1, mutation resistance 1
a: Sacrifice Arcana, Sacrifice Resistance, Sacrifice Durability, Reject
Sacrifices, Renounce Religion


You were on level 7 of the Dungeon.
You worshipped Ru.
Ru was noncommittal.
You were hungry.
You were a tree.
You visited 1 branch of the dungeon, and saw 8 of its levels.
You also visited: Sewer.

You collected 298 gold pieces.

Inventory:

Hand Weapons
 p - a +2 dagger of protection (weapon)
 w - a +1 blowgun {@w1}
Missiles
 a - 57 arrows
 f - 225 stones (quivered) {@Q3}
 J - 16 bolts
 L - 32 poisoned needles
 N - 40 sling bullets
Armour
 b - a +0 robe
 k - a +0 scale mail (melded)
 K - a cursed +0 buckler (worn)
Jewellery
 g - an uncursed ring of resist corrosion
 i - a cursed -3 ring of intelligence (left branch)
 m - a ring of protection from magic (right branch)
 n - a +3 amulet of reflection
 r - an uncursed amulet of guardian spirit
 s - an uncursed ring of see invisible
 M - a cursed amulet of inaccuracy (around neck)
Wands
 A - a wand of acid (22)
 I - a wand of iceblast (2)
 U - a wand of flame (28)
Scrolls
 l - a scroll of amnesia
 B - a scroll of blinking
 R - a scroll of identify {@r1}
 T - 4 scrolls of teleportation {!r, @r3}
Potions
 h - a potion of flight
 H - a potion of brilliance
 Q - 3 potions of mutation {!q}
 V - a potion of invisibility
 Y - a potion of magic
 Z - 2 potions of haste {@q3, !q}
Books
 c - a book of Changes

   Spells                             Type                      Level
   a - Beastly Appendage              Transmutation                1
   b - Sticks to Snakes               Transmutation                2
   c - Spider Form                    Transmutation/Poison         3
   d - Ice Form                       Ice/Transmutation            4
   e - Blade Hands                    Transmutation                5
 E - a book of Conjurations

   Spells                             Type                      Level
   a - Magic Dart                     Conjuration                  1
   b - Searing Ray                    Conjuration                  2
   c - Dazzling Spray                 Conjuration/Hexes            3
   d - Fulminant Prism                Conjuration/Hexes            4
   e - Force Lance                    Conjuration/Translocation    4
   f - Iskenderun's Mystic Blast      Conjuration                  4
 O - a book of Maledictions

   Spells                             Type                      Level
   a - Corona                         Hexes                        1
   b - Ensorcelled Hibernation        Hexes/Ice                    2
   c - Confuse                        Hexes                        3
   d - Tukima's Dance                 Hexes                        3
   e - Dazzling Spray                 Conjuration/Hexes            3
 P - a book of Cantrips

   Spells                             Type                      Level
   a - Confusing Touch                Hexes                        1
   b - Animate Skeleton               Necromancy                   1
   c - Summon Small Mammal            Summoning                    1
   d - Apportation                    Translocation                1
Comestibles
 e - 12 rations
 F - 5 chunks of flesh


   Skills:
 + Level 4.0 Fighting
 + Level 3.4 Armour
 + Level 4.0 Dodging
 - Level 4.0 Shields
 * Level 8.1 Unarmed Combat
 - Level 2.0 Spellcasting
 - Level 1.7 Transmutations


You had 7 spell levels left.
You knew the following spells:

 Your Spells              Type           Power        Failure   Level  Hunger
a - Beastly Appendage     Tmut           #.....       13%         1    ##.....
b - Sticks to Snakes      Tmut           #.......     21%         2    ###....
c - Animate Skeleton      Necr           N/A          26%         1    ##.....
o - Apportation           Tloc           #.....       26%         1    ##.....


Dungeon Overview and Level Annotations

Branches:
Dungeon (8/15)             Temple (0/1) D:4            Lair (0/6) D:8

Altars:
Ashenzari
Hepliaklqana
Makhleb
Okawaru
Qazlal
Ru
Trog
Uskayaw
Yredelemnul
Zin

Shops:
D:6 (


Innate Abilities, Weirdness & Mutations

((You have very sharp fingernails.))
((You have sharp toenails.))
((Your flesh is cold resistant. (rC+)))
A weak demonic guardian rushes to your aid.
You possess an exceptional clarity of mind.
((Your flesh is heat resistant. (rF+)))
You are somewhat resistant to further mutation.


Message History

Your quasit claws the worker ant.
Your quasit barely misses the worker ant.
The orc priest casts a cantrip, but nothing happens.
The hell hound bites you.
* * * LOW HITPOINT WARNING * * *
The worker ant closely misses your quasit.
You take 6 damage, and have 5/65 hp.
You feel much better.
Your quasit bites the worker ant but does no damage.
Your quasit claws the worker ant.
Your quasit misses the worker ant. The hell hound bites you!
* * * LOW HITPOINT WARNING * * *
The worker ant barely misses your quasit.
Your quasit bites the worker ant but does no damage.
Your quasit claws the worker ant but does no damage.
Your quasit closely misses the worker ant.
You regained 18 hp, and now have 23/65 hp.
The hell hound pauses to sniff the ground.
Something bites your quasit but does no damage.
The orc priest looks braver for a moment.
The hell hound barely misses you.
The orc wizard hits you but does no damage.
There is a stone staircase leading up here.
You block the hell hound's attack.
The hell hound bites you but does no damage.
The orc priest barely misses your quasit.
You climb upwards.
Your summoned ally is left behind.
There is a stone staircase leading down here.
The hell hound barely misses you. The orc wizard misses you.
The hell hound bites you.
* * * LOW HITPOINT WARNING * * *
You block the hell hound's attack.
You take 5 damage, and have 19/65 hp.
Evoke which item? (* to show all) (? for menu, Esc to quit)
Aiming: Iceblast
Press: ? - help, Shift-Dir - straight line The mass of ice explodes!
The iceblast engulfs the hell hound.
The hell hound is lightly wounded.
The orc wizard casts a spell at you. The puff of flame hits you! You resist.
* * * LOW HITPOINT WARNING * * *
You block the hell hound's attack. x2
The hell hound breathes flames at you. The blast of flame hits you! You resist.
* * * LOW HITPOINT WARNING * * *
The orc wizard closely misses you. The hell hound bites you.
* * * LOW HITPOINT WARNING * * *
You take 11 damage, and have 8/65 hp.
The hell hound bites you.
* * * LOW HITPOINT WARNING * * *
You take 6 damage, and have 2/65 hp.
Unknown command.
You feel better. The hell hound barely misses you.
You block the hell hound's attack. The hell hound bites you.
* * * LOW HITPOINT WARNING * * *
The hell hound misses you.
You regained 3 hp, and now have 5/65 hp.
Press: ? - help, v - describe, . - travel
Here: a hell hound (lightly wounded)
The floor.
You turn into a tree.
Your +0 scale mail melds into your body.
Your roots penetrate the ground.
The hell hound bites you but does no damage. x2
The orc wizard gestures wildly while chanting.
The orc wizard flickers and vanishes!
Deactivating autopickup; reactivate with Ctrl-A.
You now have 7/97 hp.
Unknown command.
You feel better.
The hell hound bites you but does no damage. x2
The hell hound barely misses you.
The hell hound bites you but does no damage.
You regained 6 hp, and now have 13/97 hp.
You feel very mighty all of a sudden.
The hell hound bites you but does no damage. x2
Unknown command.
You closely miss the hell hound.
The hell hound is lightly wounded.
The hell hound bites you but does no damage.
The hell hound bites you.
* * * LOW HITPOINT WARNING * * *
You block the hell hound's attack.
The hell hound bites you but does no damage.
Your white imp hits the hell hound but does no damage.
You take 3 damage, and have 10/97 hp.
You puncture the hell hound!
Your weapon exudes an aura of protection.
The hell hound is moderately wounded.
You block the hell hound's attack.
The hell hound bites you but does no damage.
Your white imp completely misses the hell hound.
You barely miss the hell hound.
The hell hound is moderately wounded.
The hell hound bites you but does no damage.
The hell hound bites you.
* * * LOW HITPOINT WARNING * * *
The hell hound breathes flames at you. The blast of flame hits you!
You die...

...██...█ █.██....█...........█
...████.███.█...█████..██████████
....█ █.....█.......█.....██ █.█.
....███.█████.....█.██.█...███.█.
............█.█████.██.█.........
███.███.....█...█ █..........█.█.
███.███████.███.█ █....█.......[.
.........██.....████...██..██....
███..██..██.███.♣h{<...██......██
█ █..██..██.███..h5.....██.......
███.......█.██.....>....∆..██.█..
..........█..█..........█.███.█.█
........█.█..█..........█.███...█
███.............)..██.........███
██..............█.██..█.........
██..█.█..█...█.█.█.██..█....██.██
>..██..........█.......█....██.██


You could see 2 hell hounds and a friendly white imp.

Vanquished Creatures
  Sigmund (D:5)
  A hungry ghost (D:7)
  Edmund (D:6)
  Purgy (Sewer)
  An ice beast (D:7)
  An ogre (D:8)
  2 phantoms (D:6)
  A water moccasin zombie (D:8)
  5 bullfrogs
  A water moccasin skeleton (D:4)
  4 crimson imps
  2 jellies (D:6)
  A quasit (D:7)
  4 hounds
  An iguana (D:6)
  Ijyb (D:5)
  An orc wizard (D:7)
  6 worker ants
  8 adders
  2 shadow imps
  An adder zombie (D:4)
  An adder skeleton (D:6)
  2 worms (D:2)
  3 dart slugs
  10 leopard geckos
  19 orcs
  4 giant cockroaches
  12 hobgoblins
  3 quokkas
  2 ball pythons (Sewer)
  4 bats
  11 frilled lizards
  9 goblins
  A jackal skeleton (D:6)
  2 jackal zombies
  7 kobolds
  5 rats
141 creatures vanquished.

Vanquished Creatures (collateral kills)
  A scorpion (D:4)
  A crimson imp (D:7)
  An orc priest (D:2)
  2 orc wizards
  A worker ant zombie (D:7)
  An adder (D:3)
  A worm (D:2)
  An orc (D:2)
  A goblin (D:2)
  A bat (D:2)
11 creatures vanquished.

Vanquished Creatures (others)
  A wizard (D:5)
  An orc (D:8)
2 creatures vanquished.

Grand Total: 154 creatures vanquished

Notes
Turn   | Place    | Note
-------+----------+-------------------------------------------
     0 | D:1      | Goblin1989 the Demonspawn Transmuter began the quest for the Orb.
     0 | D:1      | Reached XP level 1. HP: 15/15 MP: 3/3
   225 | D:1      | Reached skill level 3 in Unarmed Combat
   277 | D:1      | Gained mutation: A weak demonic guardian rushes to your aid. [demonic ancestry]
   277 | D:1      | Reached XP level 2. HP: 21/21 MP: 5/5
   310 | D:1      | Learned a level 2 spell: Sticks to Snakes
  1372 | D:2      | Found a sacrificial altar of Ru.
  1377 | D:2      | Reached XP level 3. HP: 26/26 MP: 6/6
  1386 | D:2      | Reached skill level 4 in Unarmed Combat
  1410 | D:2      | Became a worshipper of Ru the Awakened
  1841 | D:2      | Found an iron altar of Okawaru.
  2065 | D:2      | Reached XP level 4. HP: 27/32 MP: 7/7
  2843 | D:2      | Reached skill level 5 in Unarmed Combat
  3695 | D:3      | Gained mutation: You have sharp fingernails. [demonic ancestry]
  3695 | D:3      | Reached XP level 5. HP: 37/37 MP: 8/8
  4003 | D:3      | Reached skill level 1 in Shields
  4006 | D:3      | Found a hide-covered altar of Uskayaw.
  4544 | D:3      | Found a stormy altar of Qazlal.
  4546 | D:3      | Noticed a fire elemental
  4546 | D:3      | Noticed a water elemental
  4547 | D:3      | Noticed an air elemental
  4870 | D:4      | Found a staircase to the Ecumenical Temple.
  5045 | D:4      | Found a shattered altar of Ashenzari.
  5116 | D:4      | Gained mutation: You have very sharp fingernails. [demonic ancestry]
  5116 | D:4      | Reached XP level 6. HP: 23/43 MP: 9/9
  5133 | D:4      | Gained mutation: Your flesh is heat resistant. (rF+) [potion of mutation]
  5133 | D:4      | Gained mutation: You possess an exceptional clarity of mind. [potion of mutation]
  5133 | D:4      | Gained mutation: You are somewhat resistant to further mutation. [potion of mutation]
  5762 | D:4      | Reached skill level 6 in Unarmed Combat
  6070 | D:5      | Entered Level 5 of the Dungeon
  6073 | D:5      | Noticed Ijyb
  6093 | D:5      | Killed Ijyb
  6121 | D:5      | Found a glowing drain.
  6168 | Sewer    | Entered a sewer
  6222 | Sewer    | Noticed Purgy
  6240 | Sewer    | Killed Purgy
  6240 | Sewer    | Gained mutation: You have sharp toenails. [demonic ancestry]
  6240 | Sewer    | Reached XP level 7. HP: 25/48 MP: 10/10
  6428 | D:5      | Found a sacrificial altar of Ru.
  6503 | D:5      | Reached skill level 1 in Armour
  6775 | D:5      | Found a hazy altar of Hepliaklqana.
  6978 | D:5      | Noticed Sigmund
  7008 | D:5      | Found a bloodstained altar of Trog.
  7011 | D:5      | Noticed a wizard
  7016 | D:5      | Killed a wizard
  7159 | D:5      | Killed Sigmund
  7584 | D:6      | Reached skill level 7 in Unarmed Combat
  7584 | D:6      | Gained mutation: Your flesh is cold resistant. (rC+) [demonic ancestry]
  7584 | D:6      | Reached XP level 8. HP: 53/57 MP: 11/11
  7618 | D:6      | Found Ethryla's Antique Weapon Boutique.
  8051 | D:6      | Noticed Edmund
  8066 | D:6      | Killed Edmund
  8517 | D:6      | Found a burning altar of Makhleb.
  8557 | D:7      | Found a basalt altar of Yredelemnul.
  8578 | D:7      | Learned a level 1 spell: Apportation
  8580 | D:7      | Learned a level 1 spell: Animate Skeleton
  9031 | D:7      | Found a glowing silver altar of Zin.
  9035 | D:7      | Reached skill level 8 in Unarmed Combat
  9330 | D:8      | Reached XP level 9. HP: 65/65 MP: 12/12
  9394 | D:8      | Found a staircase to the Lair.
  9402 | D:8      | Noticed a two-headed ogre
  9437 | D:7      | HP: 2/65 [hell hound (6)]
  9444 | D:7      | Killed from afar by a hell hound

Skill      XL: |  1  2  3  4  5  6  7  8 |
---------------+-------------------------+-----
Unarmed Combat | 3 4 5 6 7 8 |  8.1
Shields        | 2 3 4 |  4.0
Dodging        | 2 4 |  4.0
Armour         | 2 3 |  3.4
Fighting       | 2 4 |  4.0
Spellcasting   | |  2.0
Transmutations | |  1.7

Action                   |  1- 3 |  4- 6 |  7- 9 || total
-------------------------+-------+-------+-------++-------
Melee: Unarmed           |   133 |   265 |   200 ||   598
       Kick              |       |       |    34 ||    34
       Dagger            |       |       |     3 ||     3
 Fire: Blowgun           |       |       |     4 ||     4
 Cast: Sticks to Snakes  |     2 |     4 |       ||     6
       Beastly Appendage |     1 |       |       ||     1
Invok: Reject Sacrifices |       |     1 |       ||     1
Evoke: Wand              |       |       |     1 ||     1
  Use: Potion            |       |     3 |     5 ||     8
       Scroll            |       |     1 |    17 ||    18
 Stab: Sleeping          |     1 |     3 |       ||     4
       Paralysed         |     3 |       |       ||     3
       Distracted        |     1 |       |     1 ||     2
  Eat: Chunk             |     4 |    11 |    10 ||    25
       Ration            |       |     1 |       ||     1
Armor: Robe              |    22 |    14 |       ||    36
       Scale mail        |       |    16 |    34 ||    50
       Skin              |       |       |    11 ||    11
Dodge: Dodged            |    81 |   119 |    68 ||   268
Block: Buckler           |       |    28 |    60 ||    88

Vault maps used:
D:1:      lightli_arrival_isolated_outpost
D:2:      okawaru_metal_pillars_3, first_ration,
          nicolae_ru_great_annihilating_truth
D:3:      old_standard_altar, nicolae_qazlal_style_of_elements,
          grunt_decor_one_mirror
D:4:      ashenzari_altar_1, temple_statues
D:5:      old_standard_altar, lemuel_round_altar, gup_sewer_entry_glass,
          trog_wizard, uniq_sigmund, uniq_ijyb
D:6:      lightli_temple_of_fire, serial_shops, shop, uniq_edmund
D:7:      overflow_temple_1_default, lemuel_round_altar
D:8:      minmay_lair_entry_lava, grunt_pizzeria
Sewer:    sewer_co_purgy_island
